 Dungeon Crawl Stone Soup version 0.25.0-33-gff14898491 (webtiles) character file.

Game seed: 17167470172837556031

193 Ethylacetat the Sneak (level 5, 0/36 HPs)
             Began as an Octopode Assassin on July 6, 2020.
             Was an Initiate of Okawaru.
             Killed from afar by an orc wizard (7 damage)
             ... with a magic dart
             ... on level 3 of the Dungeon.
             The game lasted 00:11:42 (2400 turns).

Ethylacetat the Sneak (Octopode Assassin)           Turns: 2400, Time: 00:11:43

Health: 0/36       AC:  1    Str: 11    XL:     5   Next: 72%
Magic:  5/5        EV: 13    Int: 14    God:    Okawaru [......]
Gold:   145        SH:  0    Dex: 13    Spells: 4/4 levels left

rFire    . . .     SeeInvis .   a - +2 dagger
rCold    . . .     Gourm    .   (no shield)
rNeg     . . .     Faith    .   (helmet restricted)
rPois    .         Spirit   .   (no amulet)
rElec    .         Reflect  .   m - ring of protection from magic
rCorr    .         Harm     .   (no ring)
MR       +....                  (no ring)
Stlth    ++++......             (no ring)
HPRegen  0.12/turn              (no ring)
MPRegen  0.09/turn              (no ring)
                                (no ring)
                                (no ring)

@: no status effects
A: almost no armour, stealthy swim, amphibious, 8 rings, constrict 8, camouflage
1, gelatinous body 1
a: Renounce Religion


You were on level 3 of the Dungeon.
You worshipped Okawaru.
Okawaru was noncommittal.
You were hungry.

You visited 1 branch of the dungeon, and saw 3 of its levels.

You collected 145 gold pieces.

Inventory:

Hand Weapons
 a - a +2 dagger (weapon)
Missiles
 b - 8 poisoned darts (quivered)
 c - 2 curare-tipped darts
Jewellery
 m - a ring of protection from magic (left tentacle)
Scrolls
 e - 4 scrolls of identify {unknown}
 f - 2 scrolls of enchant weapon {unknown}
 i - a scroll of blinking {unknown}
 j - a scroll of fog {unknown}
 l - 2 scrolls of amnesia {unknown}
 o - a scroll of teleportation {unknown}
Potions
 h - a potion of haste {unknown}
 k - a potion of brilliance
 n - 2 potions of curing
Comestibles
 d - 4 rations


   Skills:
 + Level 3.0 Fighting
 * Level 4.5 Short Blades
 - Level 2.1 Throwing
 - Level 2.0 Dodging
 - Level 5.8 Stealth


You had 4 spell levels left.
You didn't know any spells.
Your spell library was empty.

Dungeon Overview and Level Annotations

Branches:
Dungeon (3/15)

Altars:
Okawaru
Xom


Innate Abilities, Weirdness & Mutations

You cannot wear most types of armour.
You are very stealthy in the water. (Stealth+)
You are amphibious.
You can wear up to eight rings at the same time.
You can use your tentacles to constrict eight enemies at once.
Your skin changes colour to match your surroundings (Stealth+).
Your rubbery body absorbs attacks. (AC +1, EV +1)


Message History

You hit the orc. You squeeze the orc, but do no damage.
The orc is heavily wounded.
You constrict the orc.
The orc wizard gestures wildly while chanting.
The orc wizard blinks!
The orc misses you.
You hit the orc.
You kill the orc!
Okawaru accepts your kill.
You hit the orc. Your grab misses the orc.
The orc is almost dead.
You hit something but do no damage. You miss something. Something hits you.
You hit something. You squeeze something. You hit something but do no damage.
Something hits you.
* * * LOW HITPOINT WARNING * * *
You closely miss something.
The orc wizard points at you and mumbles some strange words.
The magic dart hits you!
You die... "Huh?
Did I miss anything?"

.## #.##....#.#.# #.# #.#
#.
#.###.##....#.#.#####.#
#.# #.
##....##..............#
#.# #.
#.######......#.#######
#.# ## .## #........#
#.#### ## ##.#######
##..... #.########
#...... #.#...o..#
#.##### #[#.####@# ## #.#
# ##)#.####{####...#
#.#####
########........oo..o.#
#.##...
......)(..#.####...o....#
#.##.## ########....#
#.#####..# #.##.##
#..........# .# #.##.##
##...#####.# #......
##.## #.# ####.## #.# #.#
##.#.#


You could see an orc wizard (fast) and 2 orcs.

Vanquished Creatures
  Jessica (D:3)
  Terence (D:2)
  5 adders
  An ooze (D:3)
  A worm (D:2)
  2 dart slugs
  5 leopard geckos
  6 orcs (D:3)
  5 bats
  2 giant cockroaches
  5 goblins
  5 hobgoblins
  16 jackals
  A quokka (D:3)
  A ball python (D:2)
  4 frilled lizards
  6 kobolds
  6 rats
73 creatures vanquished.

Notes
Turn   | Place    | Note
-------+----------+-------------------------------------------
     0 | D:1      | Ethylacetat the Octopode Assassin began the quest for the
                  | Orb.
     0 | D:1      | Reached XP level 1. HP: 14/14 MP: 1/1
   112 | D:1      | Reached XP level 2. HP: 8/19 MP: 2/2
   638 | D:1      | You fall into a shaft and drop 1 floor!
   649 | D:2      | Reached XP level 3. HP: 24/24 MP: 3/3
   741 | D:2      | Found a faded altar of an unknown god.
   761 | D:2      | Became a worshipper of Xom of Chaos
   778 | D:2      | Noticed Terence
   795 | D:2      | Killed Terence
   795 | D:2      | Reached XP level 4. HP: 28/30 MP: 4/4
   847 | D:2      | XOM: silly message
  1041 | D:2      | XOM: noise
  1404 | D:3      | XOM: silly message
  1436 | D:3      | XOM: cloud trail
  1535 | D:3      | XOM: god gift: ration
  1559 | D:3      | XOM: scenery: 1 doors close
  1835 | D:3      | Found an iron altar of Okawaru.
  1844 | D:3      | Reached XP level 5. HP: 32/35 MP: 5/5
  1854 | D:3      | Fell from the grace of Xom
  1854 | D:3      | Became a worshipper of Warmaster Okawaru
  1996 | D:3      | Noticed Jessica
  1999 | D:3      | Killed Jessica
  2400 | D:3      | Killed from afar by an orc wizard

Illustrated notes

Levels and vault maps discovered:
D:1:      minmay_arrival_radiant_lines, layout_basic
D:2:      layout_basic, chequers_ecumenical_altar_simple, uniq_terence
D:3:      layout_loops_corners, lemuel_round_altar,
          grunt_temple_overflow_diamond, uniq_jessica

Skill      XL: |  1  2  3  4  5 |
---------------+----------------+-----
Short Blades   | 3 4 |  4.5
Dodging        | 2 |  2.0
Fighting       | 3 |  3.0
Throwing       | |  2.1
Stealth        | |  5.8

Action                   |  1- 3 |  4- 6 || total
-------------------------+-------+-------++-------
Melee: Dagger            |    56 |   107 ||   163
       Constrict         |    12 |    29 ||    41
       Tentacles         |     7 |    25 ||    32
  Use: Potion            |       |     4 ||     4
 Stab: Sleeping          |    12 |     9 ||    21
  Eat: Chunk             |       |     4 ||     4
Armor: Skin              |     6 |     3 ||     9
Dodge: Dodged            |    36 |    45 ||    81
